 Dungeon Crawl Stone Soup version 0.28.0-45-g0d030f2227 (webtiles) character file.

Game seed: 6199837571169669861

10749 protoss039 the Thaumaturge (level 11, -5/60 HPs)
             Began as a Gargoyle Fire Elementalist on Apr 23, 2022.
             Was a Believer of Vehumet.
             Slain by a boulder beetle (26 damage)
             ... on level 11 of the Dungeon.
             The game lasted 00:22:50 (13396 turns).

protoss039 the Thaumaturge (GrFE)                  Turns: 13396, Time: 00:22:51

Health: -5/60      AC: 18    Str: 13    XL:     11   Next: 67%
Magic:  10/25      EV: 16    Int: 19    God:    Vehumet [**....]
Gold:   442        SH:  0    Dex: 10    Spells: 21/31 levels left

rFire   + . .      SeeInvis .   b - +2 dagger (venom)
rCold   . . .      Faith    .   (no shield)
rNeg    + . .      Spirit   .   J - +2 robe "Narph" {rF+ Regen+ rCorr Stlth-}
rPois   ∞          Reflect  .   (no helmet)
rElec   +          Harm     .   k - +0 cloak
rCorr   +          Rampage  .   x - +0 pair of gloves
Will    .....                   (no boots)
Stlth   +.........              (no amulet)
HPRegen 1.00/turn               q - +4 ring of evasion
MPRegen 0.19/turn               G - +4 ring of protection

@: studying Crossbows
A: sickness immunity, AC +8, negative energy resistance 1, electricity
resistance, torment resistance 1, petrification resistance
a: Renounce Religion


You were on level 11 of the Dungeon.
You worshipped Vehumet.
Vehumet was pleased with you.
You visited 2 branches of the dungeon, and saw 12 of its levels.

You collected 442 gold pieces.

Inventory:

Hand Weapons
 b - a +2 dagger of venom (weapon)
 u - a +1 trident of venom
 K - a +5 halberd
Missiles
 e - a throwing net
Armour
 k - a +0 cloak (worn)
 x - a +0 pair of gloves (worn)
 E - a +2 robe of willpower
 F - a +0 kite shield
 J - the +2 robe "Narph" (worn) {rF+ Regen+ rCorr Stlth-}
   (You found it on level 8 of the Dungeon)

   rF:        It protects you from fire.
   Regen:     It increases your rate of health regeneration.
   rCorr:     It protects you from acid and corrosion.
   Stlth:     It makes you less stealthy.
Jewellery
 q - a +4 ring of evasion (left hand)
 G - a +4 ring of protection (right hand)
Wands
 p - a wand of charming (10)
 r - a wand of iceblast (12)
 s - a wand of acid (9)
 w - a wand of paralysis (5)
 B - a wand of flame (20)
 H - a wand of digging (3)
Scrolls
 a - a scroll of enchant armour
 d - a scroll of identify
 g - a scroll of fear
 h - 3 scrolls of immolation
 l - a scroll of blinking {unknown}
 n - 3 scrolls of fog
 v - 4 scrolls of teleportation
 y - a scroll of brand weapon {unknown}
Potions
 c - 3 potions of curing
 f - a potion of might {unknown}
 i - 2 potions of degeneration {unknown}
 j - 6 potions of heal wounds {unknown}
 m - 5 potions of brilliance
 o - 2 potions of lignification {unknown}
 t - 2 potions of flight {unknown}
 z - 2 potions of ambrosia {unknown}
 A - 2 potions of magic {unknown}
 C - a potion of haste {unknown}
 D - 2 potions of mutation {unknown}
 I - 2 potions of berserk rage {unknown}


   Skills:
 * Level 3.4 Fighting
 * Level 3.4 Armour
 - Level 1.6 Dodging
 - Level 2.3 Stealth
 * Level 1.3 Shields
 * Level 10.8 Spellcasting
 + Level 10.2 Conjurations
 + Level 9.8 Fire Magic


You had 21 spell levels left.
You knew the following spells:

 Your Spells              Type           Power      Damage    Failure   Level
a - Foxfire               Conj/Fire      100%       2x1d9     1%          1
b - Scorch                Fire           94%        2d10      1%          2
c - Inner Flame           Hex/Fire       29%        N/A       2%          3
d - Flame Wave            Conj/Fire      48%        2d10      1%          4

Your spell library contained the following spells:

 Spells                   Type           Power      Damage    Failure   Level
 Ignite Poison            Fire/Tmut/Pois 22%        N/A       5%          3
 Conjure Flame            Conj/Fire      48%        6-21      1%          3
 Apportation              Tloc           20%        N/A       7%          1
 Slow                     Hex            40%        N/A       7%          1
 Confusing Touch          Hex            10%        N/A       21%         3
 Portal Projectile        Hex/Tloc       20%        N/A       21%         3
 Summon Guardian Golem    Hex/Summ       10%        N/A       21%         3
 Vampiric Draining        Necr           10%        2d6       21%         3
 Cause Fear               Hex            5%         N/A       56%         4
 Summon Lightning Spire   Summ/Air       10%        N/A       56%         4
 Orb of Destruction       Conj           24%        9d9       65%         7
 Alistair's Intoxication  Tmut/Pois      6%         N/A       88%         5
 Blade Hands              Tmut           5%         N/A       88%         5
 Excruciating Wounds      Necr           5%         N/A       88%         5
 Dispersal                Tloc           5%         N/A       100%        6
 Spellforged Servitor     Conj/Summ      14%        N/A       100%        7
 Storm Form               Tmut/Air       5%         N/A       100%        7
 Discord                  Hex            5%         N/A       100%        8
 Disjunction              Tloc           5%         N/A       100%        8
 Maxwell's Capacitive Co  Air            5%         ∞         100%        8


Dungeon Overview and Level Annotations

Branches:
Dungeon (11/15)            Temple (1/1) D:7            Lair (0/6) D:10
    Orc: D:9-12

Altars:
Ashenzari
Cheibriados
Dithmenos
Elyvilon
Fedhas
Gozag
Hepliaklqana
Kikubaaqudgha
Makhleb
Nemelex Xobeh
Okawaru
Qazlal
Ru
Sif Muna
Trog
Uskayaw
Vehumet
Wu Jian
Xom
Yredelemnul
Zin
The Shining One

Shops:
D:8 ?*((


Innate Abilities, Weirdness & Mutations

You are immune to sickness and miasma.
Your stone body is resilient. (AC +8)
You are immune to poison.
You resist negative energy. (rN+)
You are resistant to electric shocks. (rElec)
You are resistant to unholy torment.
You are immune to petrification.


Message History

The yak gores you but does no damage.
Unknown command.
Unknown command.
You hit the yak.
Flame seeps out of the yak.
The yak looks as sick as possible!
Flame seeps out of the yak.
You punch the yak.
The yak is almost dead.
Flame seeps out of the yak.
The yak is engulfed in blazing flames.
Vehumet accepts your kill.
Vehumet offers you knowledge of Ignite Poison.
The yak explodes!
The fiery explosion engulfs you! You resist.
Unknown command.
Unknown command.
You start resting.
A boulder beetle comes into view.
You start resting.
A boulder beetle is nearby!
You start resting.
A boulder beetle is nearby!
You hit the boulder beetle but do no damage.
The boulder beetle barely misses you.
You barely miss the boulder beetle. The boulder beetle bites you!!
You hit the boulder beetle.
The boulder beetle is poisoned.
The boulder beetle is lightly wounded.
The boulder beetle bites you!!
Unknown command.
You feel better. The boulder beetle closely misses you.
The boulder beetle curls into a ball and begins rolling!
The boulder beetle closely misses you.
The boulder beetle stops rolling and uncurls.
You hit the boulder beetle but do no damage.
The boulder beetle looks as sick as possible!
The boulder beetle is lightly wounded.
The boulder beetle bites you!
* * * LOW HITPOINT WARNING * * *
Unknown command.
Unknown command.
The boulder beetle curls into a ball and begins rolling!
You feel better. The boulder beetle hits you!!
You die...

#.# . .....# #.#
##. ...######.#
#.. #.# #.....#
#.# #.# #.##### .
..# #.# #.# . #.#
#.# #.# .
#.####.###.# #
#.####.#°°B.....#
#
#........##@#####
# ######.####.#
###### #...##.#
.....# ###.##.#
####.# #B##.# #
#.# #.##.# # #.#
#.##.# #
#.########.##.# #
#..B..........#


You could see a boulder beetle (rolling, very poisoned).

Vanquished Creatures
  2 two-headed ogres
  A cyclops (D:10)
  A gargoyle (D:8)
  A komodo dragon (D:10)
  A hornet (D:9)
  Grinder (D:5)
  16 yaks
  A wyvern (D:8)
  A wraith (D:8)
  A human (D:10)
  A steam dragon (D:6)
  4 hogs (D:10)
  An acid dragon (D:10)
  2 water moccasins (D:10)
  3 black bears
  4 orc warriors
  An ice beast (D:5)
  4 centaurs
  6 ogres
  2 kobold brigands
  6 bullfrogs
  Blork the orc (D:6)
  2 scorpions
  A gnoll sergeant (D:10)
  A water moccasin skeleton (D:5)
  11 killer bees
  3 wights (D:8)
  4 jellies
  4 centaur zombies
  4 orc priests
  2 centaur skeletons
  A bullfrog skeleton (D:5)
  4 hounds
  An iguana (D:6)
  5 orc wizards
  A killer bee zombie (D:5)
  2 hound zombies
  A howler monkey skeleton (D:4)
  3 gnolls (D:10)
  5 adders
  A white imp (D:6)
  An adder skeleton (D:4)
  3 worms
  6 dart slugs
  22 orcs
  7 endoplasms
  3 giant cockroaches
  12 goblins
  6 hobgoblins
  21 kobolds
  8 quokkas
  9 ball pythons
  2 bats
  2 frilled lizards
  10 rats
229 creatures vanquished.

Vanquished Creatures (others)
  420 foxfires
  24 fungi (D:10)
  27 plants (D:10)
471 creatures vanquished.

Grand Total: 700 creatures vanquished

Notes
Turn   | Place    | Note
-------+----------+-------------------------------------------
     0 | D:1      | protoss039 the Gargoyle Fire Elementalist began the quest
                  | for the Orb.
     0 | D:1      | Reached XP level 1. HP: 10/10 MP: 3/3
   173 | D:1      | Reached XP level 2. HP: 13/15 MP: 0/5
   599 | D:1      | Reached XP level 3. HP: 17/19 MP: 6/6
  1179 | D:1      | Learned a level 2 spell: Scorch
  1735 | D:2      | Reached XP level 4. HP: 24/24 MP: 6/8
  1799 | D:2      | Found a faded altar of an unknown god.
  3380 | D:4      | Reached XP level 5. HP: 15/28 MP: 4/9
  3928 | D:4      | Reached XP level 6. HP: 22/32 MP: 1/11
  4288 | D:4      | Found a shimmering altar of Xom.
  4881 | D:5      | Entered Level 5 of the Dungeon
  4922 | D:5      | Found a shadowy altar of Dithmenos.
  4923 | D:5      | Noticed an ice beast
  4925 | D:5      | Killed an ice beast
  4926 | D:5      | Reached skill level 5 in Fire Magic
  4926 | D:5      | Reached XP level 7. HP: 36/36 MP: 8/13
  5237 | D:5      | Reached skill level 5 in Conjurations
  5538 | D:5      | Noticed Grinder
  5545 | D:5      | Killed Grinder
  5546 | D:5      | Reached skill level 5 in Spellcasting
  5546 | D:5      | Reached XP level 8. HP: 40/41 MP: 5/15
  6093 | D:5      | Found a snail-covered altar of Cheibriados.
  6790 | D:6      | Noticed Blork the orc
  6796 | D:6      | Killed Blork the orc
  6798 | D:6      | Reached XP level 9. HP: 45/45 MP: 6/18
  7077 | D:6      | Reached skill level 1 in Armour
  7302 | D:7      | Learned a level 3 spell: Inner Flame
  7307 | D:7      | Learned a level 4 spell: Flame Wave
  7339 | D:7      | Reached skill level 1 in Fighting
  7437 | D:7      | Found a staircase to the Ecumenical Temple.
  7456 | Temple   | Entered the Ecumenical Temple
  7617 | Temple   | Became a worshipper of Vehumet
  8590 | D:8      | Found Yvvuas's General Store.
  8646 | D:8      | Found Nairuo's Antique Weapon Shoppe.
  8660 | D:8      | Found Exocven's Weapon Shop.
  8873 | D:8      | Found Ciwkeist's Magic Scroll Shop.
  9110 | D:8      | Identified the +2 robe "Narph" {rF+ Regen+ rCorr Stlth-}
  9176 | D:8      | Found Cesaris's Magic Scroll Emporium.
  9357 | D:8      | Noticed a two-headed ogre
  9364 | D:8      | Killed a two-headed ogre
  9364 | D:8      | Reached * piety under Vehumet
  9364 | D:8      | Offered knowledge of Magic Dart by Vehumet.
  9461 | D:8      | Noticed a gargoyle
  9483 | D:8      | Killed a gargoyle
  9484 | D:8      | Reached XP level 10. HP: 44/56 MP: 0/21
 10174 | D:9      | Found an iron altar of Okawaru.
 11596 | D:10     | Entered Level 10 of the Dungeon
 11609 | D:10     | Noticed a two-headed ogre
 11616 | D:10     | Killed a two-headed ogre
 11616 | D:10     | Offered knowledge of Poisonous Vapours by Vehumet.
 11669 | D:10     | Reached ** piety under Vehumet
 11693 | D:10     | Reached XP level 11. HP: 60/60 MP: 3/24
 11869 | D:10     | Reached skill level 10 in Spellcasting
 11986 | D:10     | Found a staircase to the Lair.
 12110 | D:10     | Noticed a cyclops
 12118 | D:10     | Killed a cyclops
 12342 | D:10     | Reached skill level 10 in Conjurations
 13330 | D:11     | Reached skill level 1 in Shields
 13348 | D:11     | Offered knowledge of Ignite Poison by Vehumet.
 13355 | D:11     | Noticed a boulder beetle
 13396 | D:11     | Slain by a boulder beetle

Illustrated notes

Levels and vault maps discovered:
D:1:      dpeg_arrival_morbid_curiosity, layout_loops_ring
D:2:      layout_loops_ring, hellmonk_ecumenical_altar_run_dry
D:3:      layout_basic, kennysheep_potato
D:4:      layout_loops_cross, xom_teletrap_fun
D:5:      layout_basic, cheibriados_altar_1, nicolae_dithmenos_the_darkroom,
          minmay_fractal_squares_gapless_5, uniq_grinder
D:6:      layout_loops_cross, uniq_blork_the_orc
D:7:      layout_basic, minmay_temple_entry_ruins
D:8:      layout_basic, serial_shops, shop, kennysheep_little_box,
          nicolae_square_shop, nicolae_shop_crystal,
          nicolae_shop_temple_entry_statues_fountains, st_stairs_13,
          minmay_manual_monolith
D:9:      layout_basic, mainiacjoe_overflow_tiny_flanked
D:10:     layout_basic, due_lair_maze_entry_diamond, grunt_livestock
D:11:     layout_loops_ring, david_orc_4
Temple:   hc_temple_tempest_star

Skill      XL: |  1  2  3  4  5  6  7  8  9 10 11 |
---------------+----------------------------------+-----
Conjurations   | 2 3 4 5 7 8 9 10 | 10.2
Spellcasting   | 3 4 5 6 7 9 10 | 10.8
Fire Magic     | 4 5 7 8 9 |  9.8
Armour         | 3 |  3.4
Fighting       | 3 |  3.4
Shields        | 1 |  1.3
Dodging        | |  1.6
Stealth        | |  2.3

Action                   |  1- 3 |  4- 6 |  7- 9 | 10-12 || total
-------------------------+-------+-------+-------+-------++-------
Melee: Unarmed           |     3 |       |       |       ||     3
       Dagger            |    60 |    67 |     5 |    25 ||   157
       Punch             |       |     2 |       |     2 ||     4
       Long sword        |       |       |     8 |       ||     8
       Halberd           |       |       |     3 |     3 ||     6
 Cast: Foxfire           |    28 |    76 |    97 |    60 ||   261
       Scorch            |     8 |    19 |    67 |    93 ||   187
       Inner Flame       |       |       |    11 |    31 ||    42
       Flame Wave        |       |       |     1 |     4 ||     5
Evoke: Wand              |       |       |     2 |       ||     2
  Use: Scroll            |       |     4 |     4 |     1 ||     9
       Potion            |       |       |       |     2 ||     2
 Stab: Sleeping          |     6 |     5 |       |       ||    11
Armor: Robe              |    22 |     4 |     5 |    57 ||    88
       Leather armour    |       |    23 |       |       ||    23
       Ring mail         |       |     7 |    23 |       ||    30
Dodge: Dodged            |    41 |    72 |    41 |   108 ||   262
